 Dungeon Crawl Stone Soup version 0.23-a0-402-g64599a10a2 (webtiles) character file.

14179 Napalmbreeze the Magus (level 11, -2/90 HPs)
             Began as a Demonspawn Monk on Nov 4, 2018.
             Was an Elder of Nemelex Xobeh.
             Killed from afar by an oklob plant (11 damage)
             ... with a splash of acid
             ... on level 11 of the Dungeon.
             The game lasted 00:47:49 (16334 turns).

Napalmbreeze the Magus (Demonspawn Monk)           Turns: 16334, Time: 00:47:54

Health: -2/90      AC: 12    Str: 15    XL:     11   Next: 85%
Magic:  19/19      EV: 11    Int: 12    God:    Nemelex Xobeh [****..]
Gold:   478        SH:  0    Dex: 19    Spells: 10/16 levels left

rFire    + . .     SeeInvis .   R - +0 battleaxe
rCold    + . .     Gourm    .   (shield currently unavailable)
rNeg     . . .     Faith    .   S - +3 chain mail of Negation {Dex+4 Slay+2}
rPois    .         Spirit   .   I - +2 helmet
rElec    .         Reflect  .   (no cloak)
rCorr    .         Harm     .   C - +0 pair of gloves
MR       .....                  s - +0 pair of boots
Stlth    ..........             (no amulet)
HPRegen  0.25/turn              (no ring)
MPRegen  0.16/turn              E - ring "Boit" {rC+ AC+3}

@: corroded
A: talons 1, iridescent scales 3, fire resistance 1, flame cloud immunity
a: Triple Draw, Deal Four, Renounce Religion


You were on level 11 of the Dungeon.
You worshipped Nemelex Xobeh.
Nemelex Xobeh was greatly pleased with you.
You were not hungry.

You visited 2 branches of the dungeon, and saw 12 of its levels.

You collected 734 gold pieces.
You spent 256 gold pieces at shops.

Inventory:

Hand Weapons
 a - a +0 war axe
 b - a +0 blowgun
 A - a +3 flail of freezing
 L - a +2 whip of flaming
 R - a +0 battleaxe (weapon)
Missiles
 D - 63 poisoned needles
Armour
 s - a +0 pair of boots (worn)
 C - a +0 pair of gloves (worn)
 G - a +1 ring mail of cold resistance
 I - a +2 helmet (worn)
 N - a +1 plate armour of fire resistance
 S - the +3 chain mail of Negation (worn) {Dex+4 Slay+2}
   (You bought it in a shop on level 10 of the Dungeon)

   It affects your dexterity (+4).
   It affects your accuracy and damage with ranged weapons and melee attacks
   (+2).
Jewellery
 i - an uncursed ring of positive energy
 y - an uncursed ring of protection from cold
 E - the ring "Boit" (right hand) {rC+ AC+3}
   (You took it off an orc on level 4 of the Dungeon)

   [ring of protection]

   It affects your AC (+3).
   It protects you from cold.
 F - an uncursed ring of flight
Wands
 j - a wand of digging (5)
 v - a wand of paralysis (15)
 J - a wand of iceblast (8)
 P - a wand of random effects (19)
 T - a wand of polymorph (9)
Scrolls
 f - 6 scrolls of identify
 l - 3 scrolls of amnesia
 m - 3 scrolls of immolation
 n - 2 scrolls of magic mapping
 o - 2 scrolls of blinking
 q - 5 scrolls of teleportation
 u - 4 scrolls of remove curse
 x - 2 scrolls of enchant armour
 O - a scroll of fog
Potions
 d - a potion of berserk rage
 g - 4 potions of curing
 h - a potion of heal wounds
 k - 6 potions of flight
 p - 4 potions of lignification
 r - 3 potions of agility
 t - a potion of brilliance
 w - 3 potions of might
 z - 4 potions of magic {unknown}
Miscellaneous
 e - a legendary deck of summoning
 H - a plain deck of destruction {drawn: 7}
 K - a lamp of fire
 M - a plain deck of escape {drawn: 1}
 Q - a plain deck of summoning {drawn: 4}
Comestibles
 c - 20 rations


   Skills:
 + Level 10.0 Fighting
 + Level 7.8 Axes
 + Level 7.1 Armour
 + Level 7.9 Dodging
 - Level 2.0 Stealth
 + Level 3.0 Spellcasting
 + Level 3.2 Poison Magic
 * Level 10.8 Invocations


You had 10 spell levels left.
You knew the following spells:

 Your Spells              Type           Power        Failure   Level  Hunger
a - Swiftness             Chrm/Air       #.......     99%         2    ###....
w - Olgreb's Toxic Radia  Pois           #.......     100%        4    #####..

Your spell library contained the following spells:

 Spells                   Type           Power        Failure   Level  Hunger
 Sting                    Conj/Pois      #...         88%         1    #......
 Poisonous Vapours        Pois/Air       #.....       96%         2    ###....
 Corona                   Hex            #......      98%         1    #......
 Magic Dart               Conj           #...         98%         1    #......
 Ensorcelled Hibernation  Hex/Ice        #.....       99%         2    ###....
 Passwall                 Tmut/Erth      #.......     99%         2    ###....
 Searing Ray              Conj           #.....       99%         2    ###....
 Confuse                  Hex            #.......     100%        3    ###....
 Dazzling Spray           Conj/Hex       #.....       100%        3    ###....
 Mephitic Cloud           Conj/Pois/Air  #.......     100%        3    ###....
 Tukima's Dance           Hex            #.......     100%        3    ###....
 Force Lance              Conj/Tloc      #.......     100%        4    #####..
 Fulminant Prism          Conj/Hex       #.........   100%        4    #####..
 Iskenderun's Mystic Bla  Conj           #.......     100%        4    #####..
 Passage of Golubria      Tloc           N/A          100%        4    #####..
 Lee's Rapid Deconstruct  Erth           #.........   100%        5    ######.
 Venom Bolt               Conj/Pois      #.........   100%        5    ######.
 Darkness                 Hex            #.........   100%        6    #######
 Invisibility             Hex            #.......     100%        6    #######


Dungeon Overview and Level Annotations

Branches:
Dungeon (11/15)            Temple (1/1) D:5            Lair (0/6) D:11
    Orc (0/2) D:11

Altars:
Ashenzari
Cheibriados
Dithmenos
Elyvilon
Fedhas
Gozag
Hepliaklqana
Kikubaaqudgha
Makhleb
Nemelex Xobeh
Okawaru
Qazlal
Ru
Sif Muna
Trog
Uskayaw
Vehumet
Wu Jian
Xom
Yredelemnul
Zin
The Shining One

Shops:
D:10 [

Annotations:
D:11 exclusion: oklob plant


Innate Abilities, Weirdness & Mutations

You have sharp toenails.
You are completely covered in iridescent scales. (AC +6)
Your flesh is heat resistant. (rF+)
You are immune to clouds of flame.


Message History

The oklob plant is almost destroyed.
Your killer bee stings the plant.
Your killer bee stings the plant but does no damage.
Your killer bee stings the plant.
The oklob plant spits acid at you. The splash of acid hits you!
* * * LOW HITPOINT WARNING * * *
The acid corrodes you!
You are splashed with acid!
The acid burns!
* * * LOW HITPOINT WARNING * * *
Your killer bee stings the plant but does no damage.
Your killer bee stings the plant.
Evoke which item? (* to show all) (? for menu, Esc to quit)
You draw a card...
It is the Storm.
A fierce wind blows from the card.
Your killer bees and your air elemental are blown away by the wind.
The plant is struck by lightning.
Your killer bee stings the plant but does no damage.
The oklob plant spits acid at you. The splash of acid hits you!
You die...
Your body glows with a rainbow of weird colours and disappears.

......###.....# #
.#...≈...#.## #
Y.......#..#.y.#..## #
.........#.##y..##.# #
........#§§§§PPP§§# #
#.......#§§PP§P§§§# #
####.......#.§§PPP§§.#
# #.##......
#.##.P.##.# #
Q.((..####.#..#.@.#..#
#
...(.((#....#§§.≈.§§#.
#
...))<[.....§§§###§§E.#
# ......(.(...§§§ §§§.#
# ............§§. §§##
# .............## ### #
......§...##.# #
....##§.#### # #
....##.%# #


You could see an oklob plant, a friendly air elemental and 2 friendly killer
bees.

Vanquished Creatures
  A tengu warrior (D:11)
  An unseen horror (D:10)
  Pikel (D:6)
  2 cyclopes (D:11)
  A manticore (D:11)
  2 ugly things
  Psyche (D:9)
  A gargoyle (D:7)
  An efreet (D:11)
  A troll (D:11)
  A dream sheep (D:10)
  4 hippogriffs
  2 wyverns
  A yak (D:10)
  A basilisk (D:11)
  2 hungry ghosts
  A soldier ant (D:10)
  A water moccasin (D:8)
  6 ice beasts
  An eye of draining (D:10)
  5 orc warriors
  2 sky beasts
  2 phantoms
  3 slaves (D:6)
  5 ogres
  3 centaurs
  A crocodile (D:10)
  6 big kobolds (D:10)
  5 bullfrogs
  A wyvern zombie (D:8)
  A water moccasin zombie (D:11)
  A wyvern skeleton (D:7)
  2 scorpions
  A killer bee (D:7)
  5 wights
  A howler monkey (D:10)
  2 crimson imps
  3 quasits
  4 jellies
  A bullfrog zombie (D:6)
  A centaur skeleton (D:10)
  10 orc priests
  2 hounds (D:4)
  A bullfrog skeleton (D:10)
  2 iguanas (D:7)
  10 orc wizards
  8 worker ants
  A hound zombie (D:6)
  A hound skeleton (D:10)
  A howler monkey skeleton (D:4)
  6 adders
  A shadow imp (D:5)
  An ooze (D:5)
  2 adder skeletons
  5 worms
  3 dart slugs
  6 leopard geckos
  47 orcs
  9 giant cockroaches
  2 goblins
  5 hobgoblins
  12 jackals
  4 quokkas
  5 ball pythons
  3 bats
  9 frilled lizards
  29 kobolds
  A leopard gecko zombie (D:7)
  7 rats
280 creatures vanquished.

Vanquished Creatures (collateral kills)
  A hydra (D:10)
  3 two-headed ogres
  A tengu warrior (D:10)
  A cyclops (D:11)
  An oklob plant (D:11)
  A troll (D:11)
  A dream sheep (D:10)
  A wraith (D:11)
  A yak (D:10)
  An acid dragon (D:10)
  An orc warrior (D:8)
  An ice beast (D:8)
  A black bear (D:9)
  An ogre (D:11)
  A phantom (D:8)
  A bullfrog (D:9)
  2 electric eels (D:10)
  8 wights
  A hound (D:6)
  An orc wizard (D:8)
  A jelly (D:11)
  A bullfrog skeleton (D:9)
  An iguana (D:8)
  A worker ant (D:8)
  An orc (D:8)
  A plant (D:11)
36 creatures vanquished.

Vanquished Creatures (others)
  2 orc wizards
  An orc (D:6)
3 creatures vanquished.

Grand Total: 319 creatures vanquished

Notes
Turn   | Place    | Note
-------+----------+-------------------------------------------
     0 | D:1      | Napalmbreeze the Demonspawn Monk began the quest for the
                  | Orb.
     0 | D:1      | Reached XP level 1. HP: 18/18 MP: 1/1
   533 | D:1      | Gained mutation: You are partially covered in iridescent
                  | scales. (AC +2) [demonic ancestry]
   533 | D:1      | Reached XP level 2. HP: 24/24 MP: 2/2
   806 | D:2      | Found a radiant altar of Vehumet.
   806 | D:2      | Found a burning altar of Makhleb.
  1127 | D:2      | Reached XP level 3. HP: 29/29 MP: 3/3
  2075 | D:2      | Found a faded altar of an unknown god.
  2114 | D:2      | Found a sacrificial altar of Ru.
  2449 | D:3      | Reached skill level 1 in Armour
  2754 | D:3      | Gained mutation: You are mostly covered in iridescent
                  | scales. (AC +4) [demonic ancestry]
  2754 | D:3      | Reached XP level 4. HP: 36/37 MP: 4/4
  3033 | D:3      | HP: 1/37 [something (2)]
  3458 | D:3      | Gained mutation: You are completely covered in iridescent
                  | scales. (AC +6) [demonic ancestry]
  3458 | D:3      | Reached XP level 5. HP: 42/42 MP: 5/5
  3653 | D:4      | Identified the ring "Boit" {rC+ AC+3}
  3772 | D:4      | Noticed an ogre
  3789 | D:4      | Killed an ogre
  3789 | D:4      | Gained mutation: Your flesh is heat resistant. (rF+)
                  | [demonic ancestry]
  3789 | D:4      | Reached XP level 6. HP: 20/50 MP: 6/6
  4043 | D:4      | Found an ornate altar of the Wu Jian Council.
  4100 | D:4      | Reached skill level 5 in Fighting
  4915 | D:4      | Reached XP level 7. HP: 13/56 MP: 7/7
  5445 | D:4      | Found a shimmering altar of Xom.
  5628 | D:5      | Entered Level 5 of the Dungeon
  6277 | D:5      | Found a staircase to the Ecumenical Temple.
  6297 | Temple   | Entered the Ecumenical Temple
  6347 | Temple   | Became a worshipper of Nemelex Xobeh the Trickster
  6347 | Temple   | Received a gift from Nemelex Xobeh
  6347 | Temple   | Reached * piety under Nemelex Xobeh
  6347 | Temple   | Received a gift from Nemelex Xobeh
  6347 | Temple   | Reached ** piety under Nemelex Xobeh
  6387 | D:5      | Gained mutation: You have sharp toenails. [demonic
                  | ancestry]
  6387 | D:5      | Reached XP level 8. HP: 65/65 MP: 8/8
  6797 | D:6      | Noticed Pikel
  6840 | D:6      | Killed Pikel
  6840 | D:6      | Reached skill level 5 in Axes
  6840 | D:6      | Reached skill level 5 in Dodging
  6948 | D:6      | Received a gift from Nemelex Xobeh
  7224 | D:6      | Found a shimmering altar of Xom.
  7503 | D:6      | Reached XP level 9. HP: 68/74 MP: 9/9
  7588 | D:6      | Reached *** piety under Nemelex Xobeh
  7908 | D:7      | Reached skill level 1 in Invocations
  8335 | D:7      | Received a gift from Nemelex Xobeh
  8599 | D:7      | Reached skill level 5 in Armour
  8625 | D:7      | Found an opulent altar of Gozag.
  8628 | D:7      | Found a hide-covered altar of Uskayaw.
  8631 | D:7      | Found a stormy altar of Qazlal.
  8883 | D:7      | Noticed a gargoyle
  8900 | D:7      | Killed a gargoyle
  9037 | D:8      | Noticed a two-headed ogre
  9051 | D:7      | Reached skill level 5 in Invocations
  9107 | D:8      | You fall through a shaft for 2 floors!
  9107 | D:10     | Entered Level 10 of the Dungeon
  9107 | D:10     | Noticed a tengu warrior
  9375 | D:10     | Received a gift from Nemelex Xobeh
  9691 | D:8      | Reached XP level 10. HP: 52/82 MP: 14/14
  9847 | D:8      | Killed a two-headed ogre
 10109 | D:8      | Learned a level 2 spell: Swiftness
 10291 | D:8      | Found a white marble altar of Elyvilon.
 10383 | D:9      | Noticed Psyche
 10403 | D:9      | Killed Psyche
 10520 | D:9      | Received a gift from Nemelex Xobeh
 10594 | D:9      | Reached **** piety under Nemelex Xobeh
 10937 | D:10     | Found Imyaruv's Antique Armour Shoppe.
 10979 | D:10     | Killed an unseen horror
 11090 | D:10     | Bought a shimmering chain mail for 256 gold pieces
 11100 | D:10     | Identified the +3 chain mail of Negation {Dex+4 Slay+2}
                  | (You bought it in a shop on level 10 of the Dungeon)
 11479 | D:10     | Learned a level 4 spell: Olgreb's Toxic Radiance
 11538 | D:10     | Killed a tengu warrior
 11780 | D:10     | Received a gift from Nemelex Xobeh
 11935 | D:10     | Reached skill level 1 in Poison Magic
 12177 | D:10     | Noticed a two-headed hydra
 12188 | D:10     | Killed a two-headed hydra
 12188 | D:10     | Reached skill level 1 in Spellcasting
 12188 | D:10     | Gained mutation: You are immune to clouds of flame.
                  | [demonic ancestry]
 12188 | D:10     | Reached XP level 11. HP: 64/89 MP: 17/17
 13020 | D:11     | Noticed a tengu warrior
 13189 | D:11     | Noticed a two-headed ogre
 13204 | D:10     | Killed a two-headed ogre
 13438 | D:11     | Noticed a cyan ugly thing
 13499 | D:10     | Killed a cyan ugly thing
 14423 | D:11     | Reached skill level 10 in Invocations
 14717 | D:11     | HP: 1/90 [tengu warrior/arrow (7)]
 15152 | D:11     | Killed a tengu warrior
 15777 | D:11     | Found a staircase to the Orcish Mines.
 16121 | D:11     | Noticed a two-headed ogre
 16128 | D:11     | Killed a two-headed ogre
 16137 | D:11     | Noticed a cyan ugly thing
 16146 | D:11     | Killed a cyan ugly thing
 16270 | D:11     | Reached skill level 10 in Fighting
 16304 | D:11     | Noticed an oklob plant
 16306 | D:11     | Found a staircase to the Lair.
 16306 | D:11     | Noticed an oklob plant
 16317 | D:11     | Killed an oklob plant
 16334 | D:11     | Killed from afar by an oklob plant

Vault maps used:
D:1:      matt_arrival_los_fun, chequers_garden
D:2:      nicolae_overflow_hidden_temple,
          chequers_ecumenical_altar_simple_redux,
          nicolae_ru_the_path_less_chosen
D:4:      kennysheep_mini_moat, tgw_xom
D:5:      minmay_temple_entry_statues_pillars, first_ration
D:6:      lemuel_doored_altar, serial_column_ruins, column_ruins_hut_ruined,
          column_ruins_circle_medium, column_ruins_open_medium,
          column_ruins_open_small, column_ruins_open_large, column_ruins_grid_2,
          column_ruins_corridor_dead_end, column_ruins_columns_straight,
          column_ruins_open_small_water, uniq_pikel
D:7:      minmay_overflow_temple_star_quad
D:8:      cheibrodos_quashed, marbit_many_paths
D:9:      uniq_psyche
D:10:     serial_shops, shop, hangedman_ranch, kennysheep_boxes
D:11:     dpeg_oklobed_lair, orc_0_dummy, minmay_bent, uniq_maurice
Temple:   eino_temple_lava

Skill      XL: |  1  2  3  4  5  6  7  8  9 10 11 |
---------------+----------------------------------+-----
Stealth        | 2 |  2.0
Axes           | 3 4 5 6 7 |  7.8
Dodging        | 3 4 5 6 7 |  7.9
Armour         | 1 2 3 4 5 6 7 |  7.1
Fighting       | 4 5 6 8 9 10 | 10.0
Invocations    | 6 9 10 | 10.8
Poison Magic   | 1 3 |  3.2
Spellcasting   | 1 3 |  3.0

Action                   |  1- 3 |  4- 6 |  7- 9 | 10-12 || total
-------------------------+-------+-------+-------+-------++-------
Melee: Hand axe          |   160 |       |       |       ||   160
       War axe           |     3 |   172 |   545 |    94 ||   814
       Battleaxe         |       |       |       |   340 ||   340
       Flail             |       |       |       |    28 ||    28
Evoke: Deck              |       |       |     9 |    28 ||    37
       Wand              |       |       |       |     2 ||     2
  Use: Potion            |       |     1 |       |     2 ||     3
       Scroll            |       |     1 |    18 |       ||    19
 Stab: Sleeping          |     4 |       |     2 |       ||     6
       Distracted        |       |       |     1 |     2 ||     3
       Paralysed         |       |       |       |     2 ||     2
  Eat: Chunk             |     2 |     6 |    13 |    15 ||    36
       Ration            |     1 |     1 |     4 |     2 ||     8
Armor: Robe              |    13 |       |       |       ||    13
       Scale mail        |    33 |    95 |       |       ||   128
       Ring mail         |       |     6 |   283 |   134 ||   423
       Chain mail        |       |       |       |   282 ||   282
Dodge: Dodged            |    99 |    89 |   422 |   379 ||   989

Table legend:
 A = Non-vault XP
 B = Vault XP
 C = Vault XP percentage of total XP
 D = Non-vault monster count
 E = Vault monster count
 F = Vault count percentage of total count
                 A         B        C        D         E       F
            +---------+---------+-------+---------+---------+-------
      Total |   15962 |    4295 |  21.2 |     288 |      24 |   7.7
            +---------+---------+-------+---------+---------+-------
        D:1 |      25 |       0 |   0.0 |      12 |       0 |   0.0
        D:2 |      55 |       0 |   0.0 |      22 |       0 |   0.0
        D:3 |     133 |       0 |   0.0 |      26 |       0 |   0.0
        D:4 |     660 |       4 |   0.6 |      33 |       2 |   5.7
        D:5 |     607 |       0 |   0.0 |      18 |       0 |   0.0
        D:6 |     810 |     629 |  43.7 |      21 |       1 |   4.5
        D:7 |    1717 |       0 |   0.0 |      28 |       0 |   0.0
        D:8 |    1872 |     121 |   6.1 |      20 |       3 |  13.0
        D:9 |     967 |     288 |  22.9 |      14 |       1 |   6.7
       D:10 |    4841 |    1568 |  24.5 |      74 |       8 |   9.8
       D:11 |    4275 |    1685 |  28.3 |      20 |       9 |  31.0
            +---------+---------+-------+---------+---------+-------
